 Dungeon Crawl Stone Soup version 0.27.1-4-g1640c2035a (webtiles) character file.

Game seed: 14852271001518305054

177 BinkBink the Shield-Bearer (level 5, -3/49 HPs)
             Began as a Deep Dwarf Fighter on Nov 1, 2021.
             Killed from afar by Eustachio (10 damage)
             ... with a puff of flame
             ... on level 4 of the Dungeon.
             The game lasted 00:09:53 (2816 turns).

BinkBink the Shield-Bearer (Deep Dwarf Fighter)     Turns: 2816, Time: 00:09:54

Health: -3/49      AC:  8    Str: 21    XL:     5   Next: 31%
Magic:  4/4        EV:  8    Int:  8    God:
Gold:   105        SH:  9    Dex: 12    Spells: 4/4 levels left

rFire    . . .     SeeInvis .   a - +0 war axe
rCold    . . .     Faith    .   c - +0 kite shield
rNeg     . . .     Spirit   .   b - +0 scale mail
rPois    .         Reflect  .   (no helmet)
rElec    .         Harm     .   k - +0 cloak
rCorr    .         Rampage  .   (no gloves)
Will     .....                  (no boots)
Stlth    ..........             (no amulet)
HPRegen  0.00/turn              (no ring)
MPRegen  0.09/turn              (no ring)

@: no status effects
A: damage resistance, heal wounds, sense surroundings 1, no regeneration
a: Heal Wounds


You were on level 4 of the Dungeon.
You visited 1 branch of the dungeon, and saw 4 of its levels.

You collected 105 gold pieces.

Inventory:

Hand Weapons
 a - a +0 war axe (weapon)
 r - a +1 flail of holy wrath
Armour
 b - a +0 scale mail (worn)
 c - a +0 kite shield (worn)
 k - a +0 cloak (worn)
Scrolls
 f - 2 scrolls of teleportation
 g - 2 scrolls of enchant armour
 n - 2 scrolls of silence {unknown}
 q - a scroll of immolation {unknown}
Potions
 d - a potion of might
 e - 3 potions of curing
 h - a potion of brilliance
 i - a potion of cancellation {unknown}
 j - a potion of magic {unknown}
 l - a potion of haste {unknown}
 m - a potion of ambrosia {unknown}
 o - a potion of attraction {unknown}


   Skills:
 + Level 3.1 Fighting
 + Level 3.8 Axes
 + Level 4.3 Armour
 + Level 1.2 Dodging
 + Level 4.3 Shields


You had 4 spell levels left.
You didn't know any spells.
Your spell library was empty.

Dungeon Overview and Level Annotations

Branches:
Dungeon (4/15)
 Temple: D:4-7

Altars:

Shops:
D:1 [

Annotations:
D:4 Dowan, Duvessa, Edmund, Eustachio


Innate Abilities, Weirdness & Mutations

You are resistant to damage.
You can heal yourself by infusing magical energy.
You passively map a small area around you.
You do not regenerate.


Message History

You barely miss Eustachio.
Eustachio is heavily wounded.
Eustachio casts a spell.
Eustachio blinks!
Eustachio zaps a wand.
The puff of flame hits you.
Eustachio gestures wildly while chanting.
Eustachio blinks!
You hit Eustachio.
Eustachio is severely wounded.
Eustachio mumbles some strange words.
Eustachio casts a spell.
You hit Eustachio.
Eustachio is severely wounded.
You barely miss the crimson imp.
Eustachio zaps a wand.
The puff of flame hits you.
The crimson imp blinks!
Eustachio zaps a wand.
The puff of flame hits you!
* * * LOW HITPOINT WARNING * * *
You hit Eustachio.
Eustachio is almost dead.
You hit the shadow imp but do no damage.
The shadow imp closely misses you. Eustachio closely misses you.
You block the shadow imp's attack. The white imp hits you.
* * * LOW HITPOINT WARNING * * *
The white imp freezes you.
* * * LOW HITPOINT WARNING * * *
You miss Eustachio.
Eustachio is almost dead.
You hit the shadow imp. You closely miss the white imp.
Eustachio hits you with a +0 rapier.
* * * LOW HITPOINT WARNING * * *
The shadow imp hits you but does no damage.
The white imp gestures at you. You block the puff of frost.
Eustachio gestures wildly while chanting.
Eustachio blinks!
You fail to use your ability.
The shadow imp hits you.
The white imp hits you but does no damage.
The crimson imp blinks!
Eustachio screams, "At last I'll have my revenge!"
Eustachio zaps a wand.
The puff of flame hits you!
You die...

* * * *#.. * #.# * #.#
#.# #.# * #.# #######
#5# , ..>...# ##@## *
#####.# #####.55##.$ ##
*, ###.#.# #..@.......#
###.##*
##....#####.###.ยง.####
#....# #...........#
##.## #<.# .#,
......####### #.# #..#
.#, ###.### #.# #..##.#
#.# ##+## #.....#.#
#.## ##...## #.......#


You could see Eustachio, a crimson imp (summoned), a white imp (summoned) and a
shadow imp (summoned).

Vanquished Creatures
  2 iguanas (D:4)
  A hound skeleton (D:4)
  5 adders
  A dart slug (D:2)
  3 orcs (D:4)
  4 bats
  7 endoplasms
  2 giant cockroaches (D:3)
  3 goblins
  3 hobgoblins
  4 jackals (D:1)
  5 kobolds
  5 quokkas
  10 ball pythons
  7 frilled lizards
  5 rats
67 creatures vanquished.

Notes
Turn   | Place    | Note
-------+----------+-------------------------------------------
     0 | D:1      | BinkBink the Deep Dwarf Fighter began the quest for the
                  | Orb.
     0 | D:1      | Reached XP level 1. HP: 20/20 MP: 1/1
   193 | D:1      | Reached XP level 2. HP: 24/27 MP: 2/2
   339 | D:1      | Found a faded altar of an unknown god.
   464 | D:1      | Found Lelaw's Antique Armour Emporium.
   797 | D:2      | Reached XP level 3. HP: 16/33 MP: 3/3
  1744 | D:3      | Reached XP level 4. HP: 33/42 MP: 4/4
  2533 | D:4      | Noticed Dowan
  2533 | D:4      | Noticed Duvessa
  2567 | D:4      | Noticed an ogre
  2621 | D:4      | Noticed Edmund
  2682 | D:4      | Reached skill level 1 in Dodging
  2716 | D:4      | Reached XP level 5. HP: 26/49 MP: 5/5
  2794 | D:4      | Noticed Eustachio
  2816 | D:4      | Killed from afar by Eustachio

Illustrated notes

Levels and vault maps discovered:
D:1:      giann_horns, layout_basic, serial_shops, nicolae_diamond_shop,
          ebering_ecumenical_altar_hall
D:2:      layout_basic
D:3:      layout_loops_ring, serial_park_tiny_1, minmay_strange_pillars,
          kennysheep_generic_room_9
D:4:      layout_loops_corners, uniq_edmund, uniq_duvessa, uniq_eustachio

Skill      XL: |  1  2  3  4 |
---------------+-------------+-----
Axes           | 3 |  3.8
Fighting       | 3 |  3.1
Shields        | 4 |  4.3
Armour         | 4 |  4.3
Dodging        | 1 |  1.2

Action                   |  1- 3 |  4- 6 || total
-------------------------+-------+-------++-------
Melee: War axe           |   148 |    83 ||   231
 Abil: Heal Wounds       |     1 |     2 ||     3
  Use: Scroll            |     3 |     1 ||     4
Armor: Scale mail        |    66 |    36 ||   102
Dodge: Dodged            |    59 |    27 ||    86
Block: Kite shield       |    83 |    45 ||   128
